Map: Vigía EE

Players

PUTBOI

  • Race: Protoss Protoss
  • League: Gold
  • Spawn Location: 5:00

Radamantis

  • Race: Protoss Protoss
  • League: Platinum
  • Spawn Location: 6:00

HardFloz

  • Race: Terran Terran
  • Spawn Location: 5:00

MrFercho

  • Race: Zerg Zerg
  • League: Silver
  • Spawn Location: 12:00

tigro

  • Race: Terran Terran
  • League: Bronze
  • Spawn Location: 9:00

TATORREA

  • Race: Protoss Protoss
  • League: Gold
  • Spawn Location: 9:00

VOD

Have the link to the VOD?

Description

Time

  • Played on: July 3, 2020, 10:13 p.m.
  • Length: 10:01
Show
View Real Time Build Order
Export as new Build Order

PUTBOI Protoss 

Build Orders:  

Get SALT Encoding   

  12  0:33  Probe  
  13  0:42  Pylon  
  13  0:45  Probe  
  14  0:57  Probe  
  14  1:01  Gateway  
  14  1:02  Gateway  
  15  1:06  Gateway  
  15  1:19  Probe  
  16  1:26  Forge  
  16  1:31  Probe  
  17  1:34  Pylon  
  17  1:43  Probe  
  18  1:50  Zealot  
  18  1:53  Zealot  
  22  1:57  Zealot  
  24  2:13  Probe  
  25  2:18  Zealot  
  25  2:20  Zealot  
  29  2:32  Zealot  
  31  3:21  Zealot  
  31  3:25  Zealot  
  31  3:30  Zealot  
  31  3:39  Zealot  
  31  3:44  Zealot  
  29  3:52  Gateway  
  31  4:38  Zealot x2  
  31  4:54  Pylon  
  31  4:56  Pylon  
  31  4:59  Cybernetics Core  
  31  5:12  Zealot x4  
  39  5:37  Zealot x3  
  39  5:55  Zealot  
  39  5:56  Zealot x3  
  45  6:12  Assimilator  
  45  6:16  Assimilator  
  31  7:45  Zealot x3  
  37  7:52  Warp Gate  
  37  7:57  Gateway  
  35  7:58  Gateway  
  35  8:12  Zealot  
  33  8:38  Zealot x2  
  33  8:39  Zealot  
  39  8:44  Zealot  
  41  8:52  Probe  
  42  9:04  Probe  
  42  9:05  Zealot x2  
Show
View Real Time Build Order
Export as new Build Order

Radamantis Protoss 

Build Orders:  

Get SALT Encoding   

  12  0:21  Probe  
  13  0:29  Probe  
  14  0:39  Probe  
  14  0:41  Pylon  
  15  1:01  Gateway  
  15  1:02  Gateway  
  15  1:04  Gateway  
  15  1:17  Forge  
  15  1:27  Pylon  
  15  1:50  Zealot  
  15  1:51  Zealot  
  15  1:52  Zealot  
  21  2:17  Zealot  
  21  2:18  Zealot  
  21  2:19  Zealot  
  27  3:10  Zealot x2  
  30  3:40  Zealot  
  30  3:48  Zealot  
  30  3:49  Zealot  
  24  4:07  Zealot  
  26  4:15  Zealot  
  26  4:17  Zealot  
  30  4:32  Assimilator  
  30  4:35  Assimilator, Probe  
  31  4:51  Zealot  
  31  4:54  Zealot  
  31  5:12  Probe  
  30  5:22  Zealot  
  30  5:24  Probe, Zealot  
  30  5:28  Zealot  
  31  5:36  Probe  
  30  5:49  Zealot  
  30  6:14  Probe  
  30  6:15  Pylon  
  31  6:20  Zealot  
  31  6:21  Zealot  
  27  6:25  Probe  
  26  6:34  Probe  
  26  6:35  Cybernetics Core  
  27  6:42  Probe  
  27  6:45  Zealot  
  30  6:47  Zealot  
  30  6:49  Zealot  
  30  6:53  Probe  
  35  6:56  Warp Gate  
  35  7:05  Probe  
  36  7:12  Zealot  
  38  7:21  Twilight Council  
  38  7:37  Charge  
  38  7:59  Zealot  
  38  8:02  Zealot  
  38  8:04  Gateway  
  38  8:05  Gateway  
  38  8:07  Gateway  
  38  8:08  Probe, Zealot  
  39  8:18  Nexus  
  39  8:55  Pylon  
  39  9:01  Pylon  
  39  9:04  Pylon  
  39  9:13  Probe  
  40  9:18  Zealot x2  
  40  9:19  Zealot x4  
  52  9:25  Probe  
  53  9:37  Probe  
  54  9:39  Stalker x2  
  54  9:40  Stalker  
Show
View Real Time Build Order
Export as new Build Order

HardFloz Terran 

Build Orders:  

Get SALT Encoding   

  12  0:02  SCV  
  13  0:14  SCV  
  13  0:20  Supply Depot  
  14  0:26  SCV  
  15  0:42  SCV  
  16  0:45  Barracks  
  16  0:54  SCV  
  17  1:06  SCV  
  17  1:07  Refinery  
  18  1:15  Barracks  
  18  1:22  SCV  
  19  1:34  SCV  
  19  1:36  Marine  
  19  1:37  Barracks  
  21  1:48  SCV  
  21  1:54  Marine  
  22  1:56  Supply Depot  
  23  2:07  Supply Depot  
  23  2:17  Marine x2  
  25  2:26  Supply Depot  
  25  2:33  SCV  
  25  2:35  Marine  
  27  3:28  Marine x3  
  30  3:46  Marine x3  
  32  4:03  Marine  
  32  4:04  Marine x2  
  34  4:21  Marine x2  
  34  4:22  Marine  
  37  4:39  Marine x3  
  40  5:10  Marine x2  
  40  5:11  Marine  
  40  5:28  Marine x3  
  41  5:46  Marine x3  
  40  6:04  Marine x3  
  34  6:20  Barracks  
  34  6:22  Marine x3  
  37  6:39  Marine x2  
  37  6:40  Marine  
  40  6:57  Marine x3  
  43  7:15  Marine x3  
  46  7:33  Marine  
  47  8:08  Marine  
  47  8:10  Marine  
  47  8:11  Marine  
  47  8:12  Marine  
  47  9:09  Supply Depot  
  47  9:15  Supply Depot  
  47  9:18  Supply Depot  
  47  9:21  Supply Depot  
  47  9:22  Supply Depot x2  
  47  9:30  Marine x2  
  47  9:31  Marine x2  
  51  9:42  Supply Depot  
  51  9:48  Supply Depot  
  51  9:50  Supply Depot  
Show
View Real Time Build Order
Export as new Build Order

MrFercho Zerg 

Build Orders: Hatch First 

Get SALT Encoding   

  12  0:04  Drone  
  13  0:16  Overlord  
  13  0:18  Drone  
  14  0:35  Drone x2  
  16  0:57  Hatchery  
  16  0:59  Drone  
  16  1:09  Spawning Pool  
  16  1:11  Drone  
  16  1:15  Drone  
  17  1:19  Drone  
  17  1:22  Drone  
  19  1:29  Extractor  
  18  1:34  Drone  
  19  1:46  Drone  
  20  1:58  Queen  
  22  2:02  Overlord  
  22  2:11  Queen  
  22  2:13  Drone x2  
  26  2:20  Drone  
  26  2:21  Drone  
  28  2:45  Zergling x2  
  28  2:46  Zergling x6  
  27  2:57  Spine Crawler  
  24  2:59  Spine Crawler  
  24  3:02  Roach Warren, Spine Crawler  
  24  3:03  Spine Crawler  
  24  3:04  Drone  
  19  3:08  Drone  
  20  3:19  Drone x2  
  5  3:59  Drone x2  
Show
View Real Time Build Order
Export as new Build Order

tigro Terran 

Build Orders:  

Get SALT Encoding   

  12  0:03  SCV  
  13  0:15  SCV  
  14  0:25  Supply Depot  
  14  0:27  SCV  
  15  0:38  Refinery  
  15  0:46  SCV  
  16  0:54  Barracks  
  16  0:59  SCV  
  17  1:08  Refinery  
  17  1:11  SCV  
  18  1:23  SCV  
  18  1:25  Supply Depot  
  19  1:35  SCV  
  20  1:42  Marine  
  21  1:47  SCV  
  22  1:56  Barracks  
  22  1:59  SCV  
  22  2:00  Marine  
  24  2:11  SCV  
  24  2:14  Engineering Bay  
  25  2:18  Marine  
  26  2:28  Orbital Command  
  26  2:36  Marine  
  27  2:45  Factory  
  27  2:51  Marine  
  27  2:53  Marine  
  27  3:09  Marine  
  27  3:11  Marine  
  26  3:27  Marine  
  26  3:29  Marine  
  26  3:33  Factory Tech Lab  
  27  3:45  Marine  
  27  3:47  Marine  
  27  4:02  Marine  
  27  4:05  Marine  
  30  4:20  Marine  
  31  4:24  Marine  
  31  4:26  Hellion  
  31  4:46  Marine  
  31  4:48  Hellion  
  31  4:50  Barracks Reactor  
  28  5:06  Marine  
  27  5:09  Hellion  
  25  5:24  Marine  
  24  5:30  Hellion  
  22  5:42  Marine  
  17  5:52  Hellion  
  19  6:00  Marine  
  19  6:02  Armory  
  20  6:06  Marine  
  20  6:07  Marine  
  20  6:10  Command Center  
  22  6:18  Marine  
  23  6:24  Marine x2  
  25  6:35  Marine  
  24  6:42  Marine x2  
  18  6:56  Barracks Tech Lab  
  18  7:00  Marine x2  
  16  7:03  Hellion  
  18  7:09  SCV  
  19  7:25  Hellion  
  13  7:41  Marine  
  13  7:42  Marine  
  12  7:46  Hellion  
  8  8:00  Marine  
  8  8:01  SCV  
  7  8:07  Hellion  
  2  9:06  SCV  
Show
View Real Time Build Order
Export as new Build Order

TATORREA Protoss 

Build Orders:  

Get SALT Encoding   

  12  0:01  Probe  
  13  0:13  Probe  
  14  0:25  Pylon, Probe  
  15  0:43  Probe  
  15  0:46  Gateway  
  16  0:55  Probe  
  17  1:02  Assimilator  
  17  1:03  Probe  
  17  1:07  Pylon  
  18  1:11  Probe  
  19  1:21  Probe  
  20  1:33  Probe  
  20  1:34  Cybernetics Core  
  21  1:46  Probe  
  22  1:54  Nexus  
  22  2:01  Pylon  
  22  2:03  Probe  
  23  2:16  Assimilator, Probe  
  23  2:17  Warp Gate  
  24  2:25  Stalker  
  24  2:28  Probe  
  27  2:40  Probe  
  28  2:52  Probe  
  28  2:55  Stalker  
  31  3:13  Probe x2  
  31  3:56  Robotics Facility  
  31  3:58  Gateway  
  31  3:59  Gateway, Probe x2  
  31  4:01  Gateway  
  33  4:03  Gateway  
  33  4:07  Stalker  
  33  4:16  Probe x2  
  35  4:37  Stalker  
  33  4:59  Stalker x2  
  37  5:00  Stalker x3  
  37  5:03  Immortal  
  45  5:23  Stalker  
  45  5:24  Stalker x3  
  51  5:32  Probe x2  
  53  5:45  Pylon  
  53  5:48  Pylon  
  51  5:50  Immortal  
  51  5:53  Pylon  
  51  5:54  Stalker  
  51  5:55  Stalker  
  47  6:15  Probe x2  
  49  6:19  Stalker  
  49  6:20  Stalker x3  
  53  6:48  Stalker x2  
  53  6:49  Stalker  
  53  6:57  Assimilator  
  47  7:01  Assimilator  
  47  7:11  Nexus  
  47  7:13  Pylon  
  47  7:16  Pylon  
  47  7:18  Pylon  
  47  7:23  Pylon  
  47  7:24  Stalker x2  
  47  7:25  Gateway  
  47  7:26  Gateway  
  47  7:28  Gateway  
  51  7:31  Gateway  
  41  7:44  Stalker x2  
  41  7:45  Forge  
  41  7:50  Stalker  
  45  8:01  Stalker x2  
  45  8:11  Stalker x2  
  41  8:22  Stalker x2  
  41  8:31  Stalker  
  41  8:32  Stalker  
  39  8:46  Stalker x2  
  37  8:59  Probe  
  37  9:00  Probe  
  37  9:05  Probe  
  37  9:08  Stalker  
  36  9:11  Probe  
  36  9:12  Probe  
  36  9:17  Probe  
  36  9:22  Stalker x2  
  38  9:26  Stalker  
  38  9:37  Stalker  
  38  9:38  Stalker  
  39  9:41  Probe  
  31  9:53  Stalker  
Tags
 
Add a new tag
Caveats
  • Supply blocks, unpowered buildings, or Contaminate may cause inaccurate times.
  • Supply counts are checked every 10 seconds.